 Dungeon Crawl Stone Soup version 0.29-a0-330-g52719c12eb (webtiles) character file.

Game seed: 3527609725236710522

4062 night the Archer (level 10, -6/63 HPs)
             Began as a Tengu Hunter on Apr 30, 2022.
             Was an Elder of Fedhas.
             Mangled by a cyan ugly thing (13 damage)
             ... on level 8 of the Dungeon.
             The game lasted 00:16:19 (7434 turns).

night the Archer (Tengu Hunter)                     Turns: 7434, Time: 00:16:20

Health: -6/63      AC: 15    Str: 13    XL:     10   Next: 25%
Magic:  14/14      EV: 20    Int: 13    God:    Fedhas [****..]
Gold:   240        SH:  0    Dex: 23    Spells: 6/9 levels left

rFire   . . .      SeeInvis .   b - +1 great sword
rCold   . . .      Faith    .   (shield currently unavailable)
rNeg    . . .      Spirit   .   G - +0 steam dragon scales
rPois   .          Reflect  .   (helmet restricted)
rElec   .          Harm     .   z - +1 cloak
rCorr   .          Rampage  .   (no gloves)
Will    .....                   (boots unavailable)
Stlth   ++........              (no amulet)
HPRegen 0.20/turn               e - +6 ring of dexterity
MPRegen 0.14/turn               u - ring of the Tortoise {AC+8}

@: flying quickly and evasively, quick
A: beak, talons 3, nimble flight
a: Renounce Religion, Wall of Briars, Grow Ballistomycete, Overgrow


You were on level 8 of the Dungeon.
You worshipped Fedhas.
Fedhas was greatly pleased with you.
You visited 2 branches of the dungeon, and saw 9 of its levels.

You collected 330 gold pieces.
You spent 90 gold pieces at shops.

Inventory:

Hand Weapons
 a - a +1 shortbow
 b - a +1 great sword (weapon)
 A - a +2 rapier of holy wrath
 J - a +1 short sword of venom
Missiles
 d - 283 stones
 n - 4 javelins
 r - a throwing net
 x - 8 boomerangs
 I - 13 poisoned darts
Armour
 z - a +1 cloak (worn)
 G - +0 steam dragon scales (worn)
Jewellery
 e - a +6 ring of dexterity (left hand)
 t - a ring of willpower
 u - the ring of the Tortoise (right hand) {AC+8}
   (You found it on level 3 of the Dungeon)

   [ring of protection]

   AC:        It affects your AC (+8).
 v - a ring of poison resistance
 y - a ring of fire
Wands
 B - a wand of flame (25)
Scrolls
 c - 3 scrolls of immolation
 g - 7 scrolls of teleportation
 i - 3 scrolls of identify
 j - 4 scrolls of amnesia
 k - a scroll of summoning {unknown}
 l - a scroll of noise {unknown}
 m - 3 scrolls of vulnerability
 q - 2 scrolls of blinking {unknown}
 s - 2 scrolls of brand weapon {unknown}
 C - a scroll of magic mapping {unknown}
 H - a scroll of fear {unknown}
Potions
 f - a potion of magic {unknown}
 h - 3 potions of degeneration {unknown}
 o - 4 potions of heal wounds
 p - 2 potions of brilliance {unknown}
 w - 6 potions of curing
 D - 2 potions of resistance {unknown}
 E - 4 potions of might {unknown}
 F - 2 potions of mutation {unknown}


   Skills:
 + Level 7.4 Fighting
 + Level 9.0 Bows
 + Level 6.7 Dodging
 - Level 1.0 Stealth
 + Level 5.7 Ice Magic
 + Level 5.2 Invocations


You had 6 spell levels left.
You knew the following spells:

 Your Spells              Type           Power      Damage    Failure   Level
a - Ozocubu's Armour      Ice            14%        N/A       9%          3

Your spell library contained the following spells:

 Spells                   Type           Power      Damage    Failure   Level
 Static Discharge         Conj/Air       0%         N/A       43%         2
 Tukima's Dance           Hex            0%         N/A       67%         3
 Passage of Golubria      Tloc           0%         N/A       97%         4
 Summon Lightning Spire   Summ/Air       0%         N/A       97%         4
 Lightning Bolt           Conj/Air       0%         1d11      100%        5
 Yara's Violent Unravell  Hex/Tmut       0%         3d3       100%        5
 Ozocubu's Refrigeration  Ice            7%         4d6       100%        7
 Storm Form               Tmut/Air       0%         N/A       100%        7
 Maxwell's Capacitive Co  Air            0%         ∞         100%        8


Dungeon Overview and Level Annotations

Branches:
Dungeon (8/15)             Temple (1/1) D:7            Lair (0/6) D:8

Altars:
Ashenzari
Cheibriados
Dithmenos
Elyvilon
Fedhas
Hepliaklqana
Makhleb
Nemelex Xobeh
Okawaru
Qazlal
Ru
Trog
Uskayaw
Vehumet
Wu Jian
Xom
Yredelemnul
Zin
The Shining One

Shops:
D:4 [


Innate Abilities, Weirdness & Mutations

You have a beak for a mouth.
You have claws for feet.
Your magical nature lets you fly swiftly and evasively.


Message History

The cyan ugly thing is severely wounded.
The cyan ugly thing tail-slaps you! The cyan ugly thing shocks you!
b - a +1 great sword (weapon)
You hit the cyan ugly thing but do no damage.
Your kick misses the cyan ugly thing.
The cyan ugly thing is severely wounded.
The cyan ugly thing closely misses you. The cyan ugly thing misses you.
You hit the cyan ugly thing but do no damage.
The cyan ugly thing is severely wounded.
The cyan ugly thing closely misses you.
The cyan ugly thing tail-slaps you but does no damage.
You closely miss the cyan ugly thing. You claw the cyan ugly thing.
The cyan ugly thing is severely wounded.
The cyan ugly thing completely misses you. x2
You slash the cyan ugly thing!
The cyan ugly thing is almost dead.
The cyan ugly thing barely misses you.
You hit the cyan ugly thing but do no damage.
You peck the cyan ugly thing.
The cyan ugly thing is almost dead.
The cyan ugly thing tail-slaps you but does no damage.
The cyan ugly thing tail-slaps you. The cyan ugly thing shocks you!
You closely miss the cyan ugly thing.
You claw the cyan ugly thing, but do no damage.
The cyan ugly thing is almost dead.
The cyan ugly thing tail-slaps you. The cyan ugly thing shocks you!
* * * LOW HITPOINT WARNING * * *
The cyan ugly thing tail-slaps you but does no damage.
The cyan ugly thing attacks as you move away!
The cyan ugly thing barely misses you.
The cyan ugly thing attacks as you move away!
The cyan ugly thing misses you.
You fly carefully through the plants.
The cyan ugly thing attacks as you move away!
The cyan ugly thing misses you.
You fly carefully through the fungus.
The cyan ugly thing tail-slaps you.
* * * LOW HITPOINT WARNING * * *
The cyan ugly thing shocks you!
You die...
Fedhas appreciates your contribution to the ecosystem.

#.^....P.....### ###...#####.##
#....P..P.....#... .............#
#...P..PP.PP.P.... .......>.....#
#.....P..PPP...... ..............
#....P.P..PPP....# #...#.###.#.
#......P.....PP..# #.#.....†<)...
#..P...PPPP..PP.P# #.#...#.###.#.
#......PP..P....P# #.#...#.# #.#.
#.PP.....PP.....@###.......# #.#.
#..P..P.>P....P.u..........###...
#P.PP.P.P.....P..###.#...#.......
....PP.....P......##.##.##..##.##
#..PPPP.PP...P..........##..##.##
.......P.P........#..##..........
#....P..P......P..#.........#..##
#..P..P..PP..........##.##.......
..#.....PP.................##..##


You could see a cyan ugly thing.

Vanquished Creatures
  Pikel (D:7)
  4 yaks
  A steam dragon (D:6)
  5 water moccasins
  An acid dragon (D:8)
  An orc warrior (D:7)
  A sky beast (D:5)
  3 black bears
  A centaur (D:8)
  2 phantoms (D:5)
  Blork the orc (D:4)
  A kobold brigand (D:7)
  A gnoll sergeant (D:7)
  4 bullfrogs
  A scorpion (D:6)
  5 wights (D:7)
  3 killer bees (D:5)
  A jelly (D:4)
  2 hounds
  6 orc priests
  2 iguanas
  A gnoll shaman (D:7)
  2 orc wizards (D:7)
  Robin (D:3)
  9 gnolls (D:7)
  7 adders
  A shadow imp (D:8)
  A white imp (D:7)
  An ufetubus (D:7)
  3 dart slugs
  19 orcs
  11 ball pythons
  7 bats
  4 endoplasms
  11 goblins
  9 hobgoblins
  9 jackals
  3 quokkas
  4 frilled lizards
  11 kobolds
  5 rats (D:1)
166 creatures vanquished.

Vanquished Creatures (collateral kills)
  A gnoll (D:7)
  A ballistomycete spore (D:7)
2 creatures vanquished.

Vanquished Creatures (others)
  23 fungi (D:8)
  19 plants (D:8)
42 creatures vanquished.

Grand Total: 210 creatures vanquished

Notes
Turn   | Place    | Note
-------+----------+-------------------------------------------
     0 | D:1      | night the Tengu Hunter began the quest for the Orb.
     0 | D:1      | Reached XP level 1. HP: 12/12 MP: 2/2
    77 | D:1      | Found a faded altar of an unknown god.
    85 | D:1      | Reached XP level 2. HP: 18/18 MP: 3/3
    91 | D:1      | Prayed at the altar of an unknown god.
    91 | D:1      | Became a worshipper of Fedhas Madash
    91 | D:1      | Reached * piety under Fedhas
   368 | D:1      | Reached XP level 3. HP: 22/22 MP: 4/4
   417 | D:1      | Reached skill level 5 in Bows
   443 | D:1      | Reached ** piety under Fedhas
  1065 | D:2      | Reached XP level 4. HP: 28/28 MP: 5/5
  1347 | D:2      | Learned a level 3 spell: Ozocubu's Armour
  1501 | D:3      | Found a stormy altar of Qazlal.
  1562 | D:3      | Found the ring of the Tortoise {AC+8}
  1777 | D:3      | Noticed Robin
  1789 | D:3      | Killed Robin
  1789 | D:3      | Reached *** piety under Fedhas
  1790 | D:3      | Gained mutation: Your magical nature lets you fly swiftly
                  | and evasively. [Tengu growth]
  1790 | D:3      | Reached XP level 5. HP: 33/33 MP: 6/6
  1792 | D:3      | Reached skill level 1 in Ice Magic
  2064 | D:4      | Identified the +6 hand axe of Governance {protect, rElec
                  | rC- Str+3 Dex+3}
  2280 | D:4      | Found a hide-covered altar of Uskayaw.
  2287 | D:4      | Found a white marble altar of Elyvilon.
  2394 | D:4      | Found a radiant altar of Vehumet.
  2434 | D:4      | Found Huhaaf Ibbu's Antique Armour Shoppe.
  2570 | D:4      | Noticed Blork the orc
  2580 | D:4      | Killed Blork the orc
  2581 | D:4      | Reached skill level 6 in Bows
  2581 | D:4      | Reached skill level 2 in Ice Magic
  2581 | D:4      | Reached XP level 6. HP: 36/39 MP: 7/7
  2766 | D:5      | Entered Level 5 of the Dungeon
  2888 | D:5      | Reached **** piety under Fedhas
  3153 | D:5      | Noticed a black bear
  3158 | D:5      | Killed a black bear
  3159 | D:5      | Reached skill level 1 in Invocations
  3159 | D:5      | Reached XP level 7. HP: 44/44 MP: 4/8
  3393 | D:5      | Reached skill level 5 in Fighting
  3402 | D:5      | Reached skill level 2 in Invocations
  3767 | D:5      | Reached XP level 8. HP: 49/49 MP: 10/10
  3787 | D:5      | Identified the +1 ring mail of the Wild Haggis {Str+3
                  | Stlth+}
  3895 | D:5      | Found Zin's Purification Station.
  3897 | D:5      | Found a glowing silver altar of Zin.
  3903 | D:5      | Bought a potion of curing for 90 gold pieces
  4016 | D:5      | Found a shimmering altar of Xom.
  4462 | D:6      | Reached skill level 7 in Bows
  4479 | D:6      | Found a broken altar of Ashenzari.
  4649 | D:6      | Found a glowing golden altar of the Shining One.
  4864 | D:6      | Found a hazy altar of Hepliaklqana.
  5285 | D:7      | Noticed a yak
  5298 | D:7      | Noticed a yak
  5298 | D:7      | Noticed a yak
  5299 | D:7      | Noticed a yak
  5376 | D:6      | Killed a yak
  5377 | D:6      | Reached XP level 9. HP: 40/55 MP: 12/12
  5603 | D:7      | Reached skill level 5 in Dodging
  5680 | D:7      | Found a staircase to the Ecumenical Temple.
  5800 | Temple   | Entered the Ecumenical Temple
  6113 | D:7      | Reached skill level 8 in Bows
  6555 | D:8      | Reached skill level 5 in Ice Magic
  6624 | D:8      | Noticed Pikel
  6664 | D:7      | Killed Pikel
  6843 | D:8      | Reached XP level 10. HP: 59/63 MP: 14/14
  7005 | D:8      | Reached skill level 5 in Invocations
  7224 | D:8      | Reached skill level 9 in Bows
  7313 | D:8      | Found a staircase to the Lair.
  7334 | D:8      | Found an ornate altar of the Wu Jian Council.
  7389 | D:8      | Noticed a cyan ugly thing
  7427 | D:8      | HP: 8/63 [cyan ugly thing (13)]
  7434 | D:8      | HP: 7/63 [cyan ugly thing (2)]
  7434 | D:8      | Mangled by a cyan ugly thing

Illustrated notes

Levels and vault maps discovered:
D:1:      scummos_arrival_simple_fountains, layout_rooms,
          shapermc_ecumenical_altar_mp_highgroup, minmay_misc_feat_more_columns,
          minmay_crystal_room
D:2:      layout_basic
D:3:      layout_rooms, mainiacjoe_overflow_chevrons, uniq_robin
D:4:      nicolae_cairo_tiling_large, layout_cave_pools,
          nicolae_uskayaw_dance_hall, elyvilon_altar_5, vehumet_altar_wand_db,
          serial_shops, shop, uniq_blork_the_orc
D:5:      layout_loops_ring, zin_purify, lemuel_round_altar
D:6:      layout_loops_corners, cheibrodos_ashenzari_chains,
          mainiacjoe_overflow_concentric_impassable,
          worldfamousw_hep_ancestral_shrine
D:7:      layout_gridville, minmay_temple_entry_slanted
D:8:      layout_loops_cross, nzn_wu_jian_contemplation,
          due_lair_maze_entry_diamond,
          ploomutoo_gammafunk_ghost_potion_laboratory, uniq_pikel
Temple:   nicolae_temple_figure_zero

Skill      XL: |  1  2  3  4  5  6  7  8  9 10 |
---------------+-------------------------------+-----
Bows           | 5 6 7 8 9 |  9.0
Fighting       | 3 4 5 6 7 |  7.4
Ice Magic      | 2 3 4 5 |  5.7
Invocations    | 1 2 3 4 5 |  5.2
Dodging        | 3 4 6 |  6.7
Stealth        | |  1.0

Action                   |  1- 3 |  4- 6 |  7- 9 | 10-12 || total
-------------------------+-------+-------+-------+-------++-------
Melee: Great sword       |       |     4 |    44 |    44 ||    92
       Kick              |       |     1 |    15 |    17 ||    33
       Peck              |       |       |    13 |    11 ||    24
       Short sword       |       |       |     6 |       ||     6
 Fire: Shortbow          |    77 |   157 |   208 |    20 ||   462
Invok: Wall of Briars    |       |     1 |     2 |       ||     3
       Grow Ballistomyce |       |       |     1 |       ||     1
  Use: Scroll            |       |       |     3 |       ||     3
Armor: Leather armour    |     3 |    19 |     4 |       ||    26
       Steam dragon scal |       |       |    64 |    25 ||    89
       Skin              |       |       |     2 |       ||     2
Dodge: Dodged            |    12 |    42 |   206 |   104 ||   364

Table legend: (Time is in decaauts)
 A = Elapsed time spent in this place.
 B = Non-inter-level travel time spent in this place.
 C = Inter-level travel time spent in this place.
 D = Time resting spent in this place.
 E = Time spent auto-exploring this place.
 F = Levels seen in this place.
 G = Mean time per level.
                   A        B        C        D        E       F      G
               +--------+--------+--------+--------+--------+-----+--------+
         Total |   7255 |   7007 |    248 |   1017 |   4618 |   9 |  806.1 |
       Dungeon |   7142 |   6901 |    241 |   1017 |   4516 |   8 |  892.8 |
        Temple |    112 |    105 |      7 |      0 |    101 |   1 |  112.0 |
               +--------+--------+--------+--------+--------+-----+--------+

Top non-repeatable levels by time:
     D:7: 1562 daAuts
     D:5: 1152 daAuts
     D:6: 1102 daAuts
     D:4: 782 daAuts
     D:2: 749 daAuts
     D:3: 672 daAuts
     D:1: 644 daAuts
     D:8: 476 daAuts
  Temple: 112 daAuts
